[Event "Titled Tuesday Blitz July 27 2021"]
[White "Sokolovsky, Yahli"]
[Black "Oparin, Grigoriy"]
[WhiteFideId "2820242"]
[BlackFideId "24125890"]
[WhiteElo "1770"]
[BlackElo "2628"]
[Result "0-1"]
[Round "01"]
[TimeControl "180+1"]
[Date "2021.07.27"]
[WhiteClock "0:00:17"]
[BlackClock "0:02:04"]

1. b3 b6 2. Bb2 Bb7 3. e3 Nf6 4. f4 g6 5. Nf3 Bg7 6. Be2 O-O 7. O-O c5 8. c4 d5 9. cxd5 Qxd5 10. Nc3 Qd8 11. Ne5 Nbd7 12. d4 cxd4 13. exd4 Nd5 14. Nxd5 Bxd5 15. Bf3 Nf6 16. Qe2 Rc8 17. Rac1 Bxf3 18. Qxf3 Qd5 19. Rc4 Qxf3 20. Nxf3 Nd5 21. Rfc1 Rxc4 22. bxc4 Nxf4 23. Rc2 Rc8 24. Kf1 Nd3 25. Ba1 Nb4 26. Rc3 Bf6 27. Bb2 Nxa2 28. Ra3 Nb4 29. Rxa7 Rxc4 30. Rb7 Rc2 31. Ba3 Nd5 32. Ne5 Ne3+ 33. Ke1 Nxg2+ 34. Kd1 Ne3+ 35. Ke1 Bxe5 36. dxe5 Nf5 37. Bxe7 Nxe7 38. Rxe7 Rc6 39. Kd2 Re6 40. Rb7 Rxe5 41. Rxb6 Rh5 42. Ke3 Rxh2 43. Ke4 Rh5 0-1


[Site "https://www.chess.com"]

[Event "Titled Tuesday Blitz July 27 2021"]
[White "Sorokin, Aleksey"]
[Black "Manukyan, Sargis A."]
[WhiteFideId "24176460"]
[BlackFideId "13303970"]
[WhiteElo "2476"]
[BlackElo "2187"]
[Result "1-0"]
[Round "01"]
[TimeControl "180+1"]
[Date "2021.07.27"]
[WhiteClock "0:01:14"]
[BlackClock "0:00:11"]

1. c4 c5 2. Nf3 d6 3. d4 cxd4 4. Nxd4 Nf6 5. Nc3 g6 6. e4 Bg7 7. Be2 O-O 8. O-O Nc6 9. Be3 Nxd4 10. Bxd4 Be6 11. Rc1 Qa5 12. b3 Rfc8 13. Be3 a6 14. Nd5 Nxd5 15. exd5 Bf5 16. Qd2 Qxd2 17. Bxd2 Bb2 18. Rce1 Bf6 19. g4 Bd7 20. h3 h5 21. Kg2 hxg4 22. Bxg4 Rc7 23. Ba5 b6 24. Bxb6 Rb7 25. Ba5 Kg7 26. Re3 Rh8 27. Rfe1 Bxg4 28. hxg4 Rh4 29. Kg3 Rb8 30. Bc3 Bxc3 31. Rxc3 Rbh8 32. Rf3 Rh3+ 33. Kf4 g5+ 34. Ke4 R8h4 35. Rxh3 Rxh3 36. Kf5 Rf3+ 37. Kxg5 Rxf2 38. Rxe7 Rxa2 39. Rd7 Rb2 40. Rxd6 a5 41. Ra6 Rxb3 42. Rxa5 Rc3 43. Rc5 Rf3 44. d6 f6+ 45. Kh4 Kf7 46. d7 Ke7 47. Rd5 Kd8 48. c5 Rf1 49. c6 Rc1 50. Rd6 Rc5 51. Kg3 f5 52. g5 Rc4 53. g6 f4+ 54. Kf3 Rc1 55. g7 Rf1+ 56. Kg2 1-0


[Site "https://www.chess.com"]

[Event "Titled Tuesday Blitz July 27 2021"]
[White "Tang, Andrew"]
[Black "Plotnikov, Pavel"]
[WhiteFideId "2059630"]
[BlackFideId "4170342"]
[WhiteElo "2599"]
[BlackElo "2298"]
[Result "1-0"]
[Round "01"]
[TimeControl "180+1"]
[Date "2021.07.27"]
[WhiteClock "0:00:48"]
[BlackClock "0:00:22"]

1. d4 Nf6 2. g4 Nxg4 3. e4 d5 4. Be2 Nf6 5. e5 Nfd7 6. c4 e6 7. cxd5 exd5 8. Nc3 Nb6 9. Nf3 c6 10. Rg1 h6 11. Be3 Be6 12. Qd2 N8d7 13. O-O-O Qc7 14. Kb1 O-O-O 15. Rc1 a6 16. Qd1 Kb8 17. Ne1 c5 18. Nd3 c4 19. Nf4 g5 20. Nh5 Bb4 21. Ka1 Qc6 22. Qc2 Rhg8 23. Rg3 Nf8 24. f4 gxf4 25. Rxg8 fxe3 26. Rg3 Be7 27. Nf4 Bg5 28. Rf1 Bc8 29. Rxe3 Ne6 30. Nxe6 Bxe6 31. Rg3 Qc8 32. Qd1 Rg8 33. Bg4 Qe8 34. Bxe6 Qxe6 35. Qg4 Qe7 36. h4 a5 37. hxg5 hxg5 38. Rgf3 Rg7 39. Rf6 Qb4 40. a3 Qb3 41. Qd1 Qxd1+ 42. Nxd1 Nc8 43. Rxf7 Rg6 44. Rf8 Kc7 45. Ne3 Ne7 46. R1f7 Kd7 47. Nf5 Re6 48. Rg8 c3 49. bxc3 b5 50. Rgg7 Kc6 51. Nxe7+ Kb6 52. Nc8+ Kc6 53. Rc7# 1-0


[Site "https://www.chess.com"]

[Event "Titled Tuesday Blitz July 27 2021"]
[White "Terry, Renato"]
[Black "Jeet, Jain"]
[WhiteFideId "3803457"]
[BlackFideId "5073022"]
[WhiteElo "2581"]
[BlackElo "2085"]
[Result "1-0"]
[Round "01"]
[TimeControl "180+1"]
[Date "2021.07.27"]
[WhiteClock "0:00:20"]
[BlackClock "0:00:36"]

1. e4 e5 2. Nf3 Nc6 3. c3 Nf6 4. d4 Nxe4 5. d5 Bc5 6. dxc6 Bxf2+ 7. Ke2 Bb6 8. Qd5 Nf2 9. Rg1 O-O 10. cxb7 Bxb7 11. Qxb7 Qf6 12. Qd5 c6 13. Qc4 e4 14. Nd4 Ng4 15. Kd1 c5 16. Nc2 d5 17. Qe2 Nf2+ 18. Ke1 Nd3+ 19. Kd1 d4 20. Nd2 Nf2+ 21. Ke1 e3 22. Nc4 d3 23. Qf3 Qe6 24. N2xe3 Ne4 25. Bxd3 f5 26. Bxe4 fxe4 27. Qe2 Bc7 28. g3 Rad8 29. Bd2 a5 30. Rf1 Rxf1+ 31. Kxf1 a4 32. Kg1 Qd7 33. Rf1 g6 34. Qg4 Qe7 35. Nf5 Qe8 36. Nh6+ Kg7 37. Bg5 Rd5 38. Rf7+ Qxf7 39. Nxf7 Kxf7 40. Qxe4 1-0


[Site "https://www.chess.com"]

[Event "Titled Tuesday Blitz July 27 2021"]
[White "Tokman, Ariel"]
[Black "Sadhwani, Raunak"]
[WhiteFideId "117420"]
[BlackFideId "35093487"]
[WhiteElo "2345"]
[BlackElo "2514"]
[Result "0-1"]
[Round "01"]
[TimeControl "180+1"]
[Date "2021.07.27"]
[WhiteClock "0:00:02"]
[BlackClock "0:00:57"]

1. c4 g6 2. Nc3 c5 3. g3 Bg7 4. Bg2 Nc6 5. e4 h5 6. h3 d6 7. Nge2 a6 8. d3 Rb8 9. a4 e5 10. O-O Nge7 11. Bg5 f6 12. Be3 h4 13. g4 g5 14. Nd5 Nxd5 15. exd5 Ne7 16. Nc3 O-O 17. Ne4 b5 18. axb5 axb5 19. Qb3 Rb6 20. cxb5 Bd7 21. Ra7 Rxb5 22. Qa4 Nc8 23. Ra6 Rxb2 24. Qa3 Rb6 25. Nxd6 Rxd6 26. Bxc5 Rxa6 27. Qxa6 Re8 28. Rb1 Bf8 29. d6 Nxd6 30. Bxd6 Bc8 31. Qa2+ Be6 32. Bd5 Qxd6 0-1


[Site "https://www.chess.com"]

[Event "Titled Tuesday Blitz July 27 2021"]
[White "Urquhart, Ed"]
[Black "Martinez Alcantara, Jose Eduardo"]
[WhiteFideId "2603748"]
[BlackFideId "3805662"]
[WhiteElo "2184"]
[BlackElo "2690"]
[Result "0-1"]
[Round "01"]
[TimeControl "180+1"]
[Date "2021.07.27"]
[WhiteClock "0:00:17"]
[BlackClock "0:00:25"]

1. e4 c5 2. Nc3 d6 3. f4 g6 4. Nf3 Bg7 5. Bc4 Nc6 6. d3 e6 7. O-O Nge7 8. Qe1 O-O 9. f5 d5 10. Bb3 exf5 11. exd5 Nd4 12. Qh4 Nxb3 13. axb3 Nxd5 14. Bg5 f6 15. Bh6 Be6 16. Rfe1 Bf7 17. Bxg7 Kxg7 18. Qg3 Nb4 19. Re2 Re8 20. Rae1 Rxe2 21. Rxe2 Qb8 22. Qf2 Qd6 23. Nb5 Qc6 24. Na3 b5 25. Re7 Nd5 26. Re2 a6 27. Nb1 Re8 28. Nc3 Rxe2 29. Qxe2 Nxc3 30. bxc3 Qd6 31. c4 g5 32. cxb5 axb5 33. h3 h5 34. Qe3 f4 35. Qe4 Qe6 36. Qb7 b4 37. Qc7 Qe3+ 38. Kh2 Kg6 39. Qc8 Kg7 40. Qc7 g4 41. hxg4 hxg4 42. Ng1 Qg3+ 43. Kh1 Qh4+ 44. Nh3 gxh3 0-1


[Site "https://www.chess.com"]

[Event "Titled Tuesday Blitz July 27 2021"]
[White "Zhigalko, Sergei"]
[Black "Chen, Max"]
[WhiteFideId "13502956"]
[BlackFideId "2622440"]
[WhiteElo "2662"]
[BlackElo "2440"]
[Result "1-0"]
[Round "01"]
[TimeControl "180+1"]
[Date "2021.07.27"]
[WhiteClock "0:01:21"]
[BlackClock "0:00:04"]

1. e4 c5 2. Nf3 d6 3. d4 cxd4 4. Qxd4 Nf6 5. Nc3 Nc6 6. Bb5 Bd7 7. Bxc6 Bxc6 8. Bg5 e6 9. O-O-O Be7 10. Rhe1 Qc7 11. Kb1 O-O 12. Qd2 b5 13. Nd4 b4 14. Ncb5 Bxb5 15. Nxb5 Qc5 16. Nxd6 Bxd6 17. Bxf6 gxf6 18. Qxd6 Qxf2 19. Rf1 Qe2 20. Qg3+ Kh8 21. Qf4 Rac8 22. Rd2 Qc4 23. Qxf6+ Kg8 24. Rf3 1-0


[Site "https://www.chess.com"]

[Event "Titled Tuesday Blitz July 27 2021"]
[White "Zubov, Alexander"]
[Black "Kotepalli, Sai Nirupama"]
[WhiteFideId "14109409"]
[BlackFideId "5039444"]
[WhiteElo "2740"]
[BlackElo "2455"]
[Result "1-0"]
[Round "01"]
[TimeControl "180+1"]
[Date "2021.07.27"]
[WhiteClock "0:01:19"]
[BlackClock "0:00:15"]

1. d4 g6 2. e4 Bg7 3. c3 e6 4. Nf3 Ne7 5. Bd3 d5 6. e5 c5 7. O-O Nbc6 8. Re1 O-O 9. dxc5 Qc7 10. Bf4 a5 11. Na3 Nb8 12. Be3 Nd7 13. Nb5 Qb8 14. Bd4 Nc6 15. Qe2 b6 16. cxb6 Nxb6 17. Nd6 Bd7 18. h4 h5 19. b3 Nc8 20. Nb5 a4 21. b4 Nxd4 22. Nbxd4 Qc7 23. Rac1 Ne7 24. Ng5 Bh6 25. Qe3 Nf5 26. Bxf5 exf5 27. e6 fxe6 28. Ndxe6 Bxe6 29. Qxe6+ Kg7 30. Qxd5 Bxg5 31. hxg5 Ra7 32. Qd4+ Kh7 33. Re6 Qf7 34. Rf6 1-0


[Site "https://www.chess.com"]

[Event "Titled Tuesday Blitz July 27 2021"]
[White "Amburgy, Ryan"]
[Black "Ahmadzada, Ahmad"]
[WhiteFideId "30924820"]
[BlackFideId "13413007"]
[WhiteElo "2066"]
[BlackElo "2226"]
[Result "0-1"]
[Round "02"]
[TimeControl "180+1"]
[Date "2021.07.27"]
[WhiteClock "0:00:01"]
[BlackClock "0:00:16"]

1. d4 Nf6 2. Nc3 d5 3. Bf4 c5 4. e3 cxd4 5. exd4 a6 6. Bd3 Nc6 7. Nce2 Bg4 8. c3 e6 9. Qd2 Bd6 10. h3 Bh5 11. Bxd6 Qxd6 12. Nf4 Bg6 13. Nxg6 hxg6 14. Nf3 b5 15. O-O O-O 16. Rfe1 Rfc8 17. Ne5 Nd7 18. f4 b4 19. Qe3 bxc3 20. bxc3 Ncxe5 21. fxe5 Qa3 22. Rf1 Rxc3 23. Qf4 Rf8 24. Be2 Rc2 25. Qf3 Qb2 26. Bxa6 Qxd4+ 27. Kh1 Nxe5 28. Qg3 Rc3 29. Qf2 Qxf2 30. Rxf2 Ra3 31. Bb5 Rb8 32. Bf1 Nc6 33. Rc1 Ne5 34. Rcc2 g5 35. Rce2 Ng6 36. Rc2 Ne5 37. Rce2 Nd7 38. Rc2 Nf6 39. Kh2 g4 40. Kg1 g3 41. Rfd2 Rb1 42. Re2 Ne4 0-1


[Site "https://www.chess.com"]

[Event "Titled Tuesday Blitz July 27 2021"]
[White "Bazeev, German"]
[Black "Agibileg, Uurtsaikh"]
[WhiteFideId "24119350"]
[BlackFideId "4901606"]
[WhiteElo "2462"]
[BlackElo "2117"]
[Result "1-0"]
[Round "02"]
[TimeControl "180+1"]
[Date "2021.07.27"]
[WhiteClock "0:00:35"]
[BlackClock "0:00:03"]

1. d4 Nf6 2. Bg5 g6 3. Bxf6 exf6 4. g3 Bg7 5. Bg2 O-O 6. c4 f5 7. e3 c5 8. Ne2 Nc6 9. O-O d6 10. Nbc3 Rb8 11. Qd2 Re8 12. Rfd1 cxd4 13. Nxd4 Nxd4 14. exd4 Be6 15. b3 Qb6 16. Bd5 Re7 17. Bxe6 fxe6 18. Qe3 a6 19. Nd5 Qd8 20. Nxe7+ Qxe7 21. Re1 Kf7 22. Rad1 b6 23. f4 Qd7 24. Kg2 b5 25. c5 Rc8 26. b4 d5 27. Re2 Rc6 28. a4 bxa4 29. Qa3 Qb7 30. Qxa4 h6 31. Rb2 g5 32. b5 axb5 33. Qxb5 Qxb5 34. Rxb5 Ra6 35. Rb7+ Kg6 36. Rb2 Kf7 37. Rc2 Kg6 38. c6 Ra8 39. c7 Rc8 40. Rb1 Bxd4 41. Rb8 1-0


[Site "https://www.chess.com"]

[Event "Titled Tuesday Blitz July 27 2021"]
[White "De Waele, Warre"]
[Black "Bok, Benjamin"]
[WhiteFideId "241156"]
[BlackFideId "1017063"]
[WhiteElo "2183"]
[BlackElo "2658"]
[Result "0-1"]
[Round "02"]
[TimeControl "180+1"]
[Date "2021.07.27"]
[WhiteClock "0:01:12"]
[BlackClock "0:01:11"]

1. d4 Nf6 2. Nf3 d5 3. c4 e6 4. g3 dxc4 5. Bg2 c6 6. Ne5 Bb4+ 7. Bd2 Be7 8. e3 b5 9. O-O Bb7 10. a4 a6 11. b3 cxb3 12. Qxb3 O-O 13. Rc1 Qb6 14. Nc4 Qc7 15. Na5 Ra7 16. Nxc6 Bxc6 17. axb5 axb5 18. Rxa7 Qxa7 19. Bxc6 Nxc6 20. Rxc6 b4 21. Bc1 Qb7 22. Rc4 Ne4 23. Nd2 Ng5 0-1


[Site "https://www.chess.com"]

[Event "Titled Tuesday Blitz July 27 2021"]
[White "Dushyant Sharma"]
[Black "Indjic, Aleksandar"]
[WhiteFideId "25065130"]
[BlackFideId "911925"]
[WhiteElo "2019"]
[BlackElo "2643"]
[Result "0-1"]
[Round "02"]
[TimeControl "180+1"]
[Date "2021.07.27"]
[WhiteClock "0:02:17"]
[BlackClock "0:01:59"]

1. e4 c5 2. Nf3 e6 3. d4 cxd4 4. Nxd4 a6 5. Nc3 b5 6. a3 Bb7 7. f4 Nc6 8. Nxc6 Bxc6 9. Bd3 Nf6 10. O-O Bc5+ 11. Kh1 h5 12. Qf3 Ng4 13. h3 Qh4 14. Bd2 f5 15. Be1 Qe7 16. b4 Bd4 17. Rb1 Nf6 18. Bh4 Bxc3 0-1


[Site "https://www.chess.com"]

[Event "Titled Tuesday Blitz July 27 2021"]
[White "Fakhrutdinov, Timur"]
[Black "Sorokin, Aleksey"]
[WhiteFideId "24176702"]
[BlackFideId "24176460"]
[WhiteElo "2405"]
[BlackElo "2476"]
[Result "1/2-1/2"]
[Round "02"]
[TimeControl "180+1"]
[Date "2021.07.27"]
[WhiteClock "0:00:05"]
[BlackClock "0:00:07"]

1. Nf3 c5 2. e3 d5 3. d4 Nc6 4. c4 cxd4 5. Nxd4 e6 6. cxd5 exd5 7. Nc3 Nf6 8. Be2 Bd6 9. O-O O-O 10. Nf3 a6 11. b3 Bc7 12. Bb2 Qd6 13. g3 Be6 14. Rc1 Rad8 15. Nd4 Nxd4 16. Qxd4 Bb6 17. Qh4 Ba7 18. Rfd1 b5 19. Bf3 Qe5 20. Rd2 Qf5 21. Qf4 Qxf4 22. exf4 d4 23. Ne4 Bd5 24. Nxf6+ gxf6 25. Bxd5 Rxd5 26. Rc7 Bc5 27. Rc6 d3 28. Bxf6 Re8 29. Kf1 h5 30. h4 a5 31. Be5 a4 32. Rh6 Kf8 33. Rxh5 Bb4 34. Rh8+ Ke7 35. Rxe8+ Kxe8 36. Rd1 Ke7 37. bxa4 bxa4 38. g4 Ke6 39. h5 f6 40. Bb2 a3 41. Ba1 d2 42. h6 Kf7 43. Ke2 Kg6 44. Rh1 Kh7 45. Kd1 Rc5 46. Ke2 Rc1 47. Rd1 Kxh6 48. Bxf6 Rc2 49. g5+ Kg6 50. Kd3 Rxa2 51. f3 Kf5 52. Rb1 Bd6 53. Rb5+ Kxf4 54. Ke2 d1=Q+ 55. Kxd1 Kxf3 56. g6 Bf4 57. g7 Rd2+ 58. Ke1 Rg2 59. Rb3+ Be3 60. Kd1 a2 61. Ra3 Rg6 62. Bd4 Ke4 63. Bxe3 a1=Q+ 64. Rxa1 Kxe3 65. Ra7 Ke4 66. Rf7 Ke5 67. Ke2 Ke6 68. Ra7 Kf6 69. Kf3 Rxg7 70. Rxg7 Kxg7 1/2-1/2


[Site "https://www.chess.com"]

[Event "Titled Tuesday Blitz July 27 2021"]
[White "Gurevich, Dmitry"]
[Black "Khusnutdinov, Rustam"]
[WhiteFideId "2000407"]
[BlackFideId "13701703"]
[WhiteElo "2506"]
[BlackElo "2571"]
[Result "0-1"]
[Round "02"]
[TimeControl "180+1"]
[Date "2021.07.27"]
[WhiteClock "0:00:02"]
[BlackClock "0:00:16"]

1. d4 d5 2. c4 e6 3. Nc3 a6 4. c5 b6 5. cxb6 cxb6 6. Nf3 Bd6 7. Bg5 Ne7 8. e3 Bb7 9. Bd3 O-O 10. O-O Nd7 11. Bf4 Qb8 12. Bxd6 Qxd6 13. Rc1 Rac8 14. Qe2 b5 15. h3 Rc7 16. Nb1 Rfc8 17. Rxc7 Rxc7 18. Nbd2 Nb6 19. Nb3 Na4 20. Rb1 h6 21. Ne5 Nc6 22. Nxc6 Qxc6 23. Rc1 Qd6 24. Rxc7 Qxc7 25. Qd2 g5 26. Qb4 Nxb2 27. Nc5 Nxd3 28. Nxd3 Qc4 29. Qa3 Bc8 30. Nc5 Kg7 31. Qa5 e5 32. Qc7 exd4 33. Qxc8 d3 34. Qc7 d2 35. Qe5+ Kg6 36. Nd7 d1=Q+ 37. Kh2 d4 38. Nf8+ Kh5 39. g4+ Qxg4 40. hxg4+ Kxg4 41. Qg3+ Kf5 42. Qf3+ Ke5 43. e4 d3 44. Qe3 Qxe4 45. Qc5+ Kf4 46. Qd6+ Kf3 47. Nd7 Qf4+ 0-1


[Site "https://www.chess.com"]

[Event "Titled Tuesday Blitz July 27 2021"]
[White "Ibrahimli, Murad"]
[Black "Katz, Alexander"]
[WhiteFideId "13410229"]
[BlackFideId "2039796"]
[WhiteElo "2109"]
[BlackElo "2371"]
[Result "0-1"]
[Round "02"]
[TimeControl "180+1"]
[Date "2021.07.27"]
[WhiteClock "0:00:18"]
[BlackClock "0:00:09"]

1. e4 e5 2. Nf3 Nc6 3. Bb5 a6 4. Ba4 Nf6 5. O-O Bc5 6. Bxc6 dxc6 7. d3 Qe7 8. Be3 O-O 9. Bxc5 Qxc5 10. h3 Re8 11. Nbd2 Nd7 12. Nc4 b5 13. Ne3 Nf8 14. Nh4 g6 15. Kh2 Ne6 16. g3 a5 17. Nhg2 a4 18. a3 Nd4 19. f4 exf4 20. Rxf4 Be6 21. c3 Nb3 22. Rb1 Rad8 23. d4 Qe7 24. Ng4 Bxg4 25. Qxg4 c5 26. d5 Nd2 27. Re1 Nc4 28. Ref1 Ne5 29. Qe2 c4 30. Ne3 Rf8 31. Ng4 Nxg4+ 32. Qxg4 Rd6 33. h4 c6 34. dxc6 Rxc6 35. e5 Qxe5 36. Rf5 Qe6 37. h5 Rd6 38. Qg5 h6 39. Qg4 Rd2+ 40. Kh3 g5 41. Rf6 Rh2+ 42. Kxh2 Qxg4 43. Rxh6 Qe2+ 44. Kg1 Qe3+ 45. Kg2 Rd8 46. Rhf6 Rd2+ 47. Kh3 Qe2 0-1


[Site "https://www.chess.com"]

[Event "Titled Tuesday Blitz July 27 2021"]
[White "Ivlev, Aleksey"]
[Black "Tang, Andrew"]
[WhiteFideId "24185949"]
[BlackFideId "2059630"]
[WhiteElo "2307"]
[BlackElo "2599"]
[Result "0-1"]
[Round "02"]
[TimeControl "180+1"]
[Date "2021.07.27"]
[WhiteClock "0:01:18"]
[BlackClock "0:00:55"]

1. d4 d5 2. c4 e6 3. Nf3 Nf6 4. Nc3 Be7 5. cxd5 exd5 6. Bg5 c6 7. e3 Bf5 8. Bd3 Bxd3 9. Qxd3 Nbd7 10. O-O O-O 11. Rab1 a5 12. Rfc1 Ne4 13. Bf4 Nxc3 14. bxc3 b5 15. a4 bxa4 16. c4 Bb4 17. cxd5 cxd5 18. Qb5 a3 19. Qxd5 Nf6 20. Qa2 Qd5 21. Qe2 Rfc8 22. Rd1 Ne4 23. Ne5 Nc3 24. Qg4 Qe6 25. Qf3 Nxb1 26. Rxb1 a2 0-1


[Site "https://www.chess.com"]

[Event "Titled Tuesday Blitz July 27 2021"]
[White "Lazavik, Denis"]
[Black "Flores Quillas, Diego Saul Rodri"]
[WhiteFideId "13515110"]
[BlackFideId "3822508"]
[WhiteElo "2436"]
[BlackElo "2071"]
[Result "1-0"]
[Round "02"]
[TimeControl "180+1"]
[Date "2021.07.27"]
[WhiteClock "0:01:18"]
[BlackClock "0:00:35"]

1. d4 Nf6 2. c4 c5 3. d5 e6 4. Nc3 exd5 5. cxd5 d6 6. e4 g6 7. h3 Bg7 8. Bd3 O-O 9. Nf3 a6 10. a4 Nbd7 11. O-O Nh5 12. Bg5 Bf6 13. Be3 Re8 14. Nd2 Be5 15. f4 Bd4 16. Qf3 Bxe3+ 17. Qxe3 f5 18. Nc4 Ndf6 19. e5 dxe5 20. fxe5 Nxd5 21. Nxd5 Qxd5 22. Nb6 Qb3 23. Bc4+ 1-0


[Site "https://www.chess.com"]

[Event "Titled Tuesday Blitz July 27 2021"]
[White "Maevsky, Nikolay"]
[Black "Demchenko, Anton"]
[WhiteFideId "4198220"]
[BlackFideId "4160258"]
[WhiteElo "2213"]
[BlackElo "2593"]
[Result "1-0"]
[Round "02"]
[TimeControl "180+1"]
[Date "2021.07.27"]
[WhiteClock "0:00:09"]
[BlackClock "0:00:03"]

1. Nf3 d5 2. d4 Nf6 3. c4 dxc4 4. e3 Bg4 5. Bxc4 e6 6. Nbd2 Nc6 7. O-O Bd6 8. h3 Bh5 9. Be2 O-O 10. b3 Qe8 11. Bb2 Nd5 12. Nc4 Rd8 13. a3 a6 14. b4 b5 15. Nxd6 cxd6 16. Rc1 f5 17. Ne1 Bxe2 18. Qxe2 Nb6 19. Rc2 Nc4 20. Bc1 f4 21. Qd3 e5 22. d5 Ne7 23. exf4 Ng6 24. fxe5 Ngxe5 25. Qg3 Qf7 26. f4 Nd7 27. Qd3 Nf6 28. Nf3 Qxd5 29. Rd1 Qh5 30. Re2 h6 31. Rde1 d5 32. Nd4 Rf7 33. Nc6 Rd6 34. Ne7+ Rxe7 35. Rxe7 d4 36. R7e6 Rd7 37. Rxa6 Qd5 38. Qg6 Qf7 39. Rxf6 Qxg6 40. Rxg6 d3 41. Rd1 d2 42. Bxd2 Nxd2 43. Kh1 Rd3 44. Rb6 h5 45. Rxb5 h4 46. Rc5 1-0


[Site "https://www.chess.com"]

[Event "Titled Tuesday Blitz July 27 2021"]
[White "Martinez Alcantara, Jose Eduardo"]
[Black "Vlassov, Nikolai"]
[WhiteFideId "3805662"]
[BlackFideId "4103360"]
[WhiteElo "2690"]
[BlackElo "2407"]
[Result "1-0"]
[Round "02"]
[TimeControl "180+1"]
[Date "2021.07.27"]
[WhiteClock "0:00:08"]
[BlackClock "0:00:02"]

1. c4 f5 2. Nc3 Nf6 3. g3 e5 4. Nf3 Nc6 5. d4 e4 6. Nh4 d6 7. Bg5 Be7 8. e3 O-O 9. Bxf6 Bxf6 10. Ng2 Ne7 11. Nf4 c5 12. Nh5 Bg5 13. h4 Bh6 14. Nf4 Nc6 15. dxc5 dxc5 16. Qd5+ Qxd5 17. Ncxd5 g6 18. O-O-O Bg7 19. Nc7 Rb8 20. h5 Ne5 21. hxg6 hxg6 22. Be2 b6 23. Rd6 Kf7 24. Rhd1 Bb7 25. Nce6 Rfe8 26. Nd8+ Rbxd8 27. Rxd8 Nd3+ 28. R1xd3 exd3 29. Rd7+ Re7 30. Rxe7+ Kxe7 31. Bxd3 g5 32. Nh5 Be5 33. Bxf5 a6 34. e4 b5 35. b3 bxc4 36. bxc4 a5 37. Kc2 a4 38. Kd3 a3 39. f4 gxf4 40. gxf4 Bb2 41. Ng3 Bc6 42. e5 Ba4 43. Kd2 Bb3 44. Bb1 Bxc4 45. Ne4 Bd4 46. Nd6 Bd5 47. Nf5+ Ke6 48. Nxd4+ cxd4 49. Kd3 Bc6 50. Kxd4 Bd7 51. Bc2 Bc8 52. f5+ Ke7 53. f6+ Kf7 54. Bb3+ Kg6 55. Kc5 Kf5 56. Kd6 Kg6 57. Ke7 Kf5 58. f7 Kxe5 59. f8=Q Bb7 60. Qf6+ 1-0


[Site "https://www.chess.com"]

[Event "Titled Tuesday Blitz July 27 2021"]
[White "Mezentsev, Ivan"]
[Black "Manafov, Vugar"]
[WhiteFideId "13706195"]
[BlackFideId "13410814"]
[WhiteElo "2295"]
[BlackElo "2274"]
[Result "1-0"]
[Round "02"]
[TimeControl "180+1"]
[Date "2021.07.27"]
[WhiteClock "0:00:47"]
[BlackClock "0:00:04"]

1. d4 Nf6 2. Nf3 e6 3. Bf4 Bd6 4. Bxd6 cxd6 5. e3 b6 6. Be2 Bb7 7. O-O Kf8 8. a4 a6 9. c3 Nc6 10. Nbd2 Ne7 11. Ne1 g6 12. Bf3 Bxf3 13. Qxf3 Kg7 14. Nd3 d5 15. Rfe1 Nf5 16. e4 dxe4 17. Nxe4 Nxe4 18. Qxe4 d6 19. a5 b5 20. Nb4 h5 21. f4 Qf6 22. d5 Rhe8 23. dxe6 fxe6 24. Qb7+ Qf7 25. Qxf7+ Kxf7 26. Rad1 Rec8 27. g3 Rc4 28. Kf2 Kf6 29. Rd2 Ra7 30. Rde2 Ng7 31. Kf3 g5 32. fxg5+ Kxg5 33. Rxe6 Nxe6 34. Rxe6 Rf7+ 35. Kg2 Rf6 36. Re8 h4 37. Rg8+ Kf5 38. Nd5 Re6 39. Kf3 hxg3 40. hxg3 Re5 41. Ne3+ Rxe3+ 42. Kxe3 Ra4 43. b4 Ra1 44. Ra8 Re1+ 45. Kd2 1-0


[Site "https://www.chess.com"]

[Event "Titled Tuesday Blitz July 27 2021"]
[White "Muradli, Mahammad"]
[Black "Karwowski, Kacper"]
[WhiteFideId "13409301"]
[BlackFideId "1126032"]
[WhiteElo "2482"]
[BlackElo "2162"]
[Result "1-0"]
[Round "02"]
[TimeControl "180+1"]
[Date "2021.07.27"]
[WhiteClock "0:01:12"]
[BlackClock "0:00:37"]

1. d4 Nf6 2. c4 g6 3. Nc3 c5 4. d5 Bg7 5. e4 d6 6. Bd3 e6 7. h3 exd5 8. exd5 O-O 9. Nf3 Re8+ 10. Be3 Bf5 11. Bxf5 gxf5 12. O-O Ne4 13. Ne2 Nd7 14. Nf4 b6 15. Qc2 Ne5 16. Kh1 Kh8 17. Nh5 Nxf3 18. Nxg7 Kxg7 19. gxf3 Qh4 20. Kh2 Nf6 21. Rg1+ Kh8 22. Bg5 Qd4 23. Rad1 Ng4+ 24. hxg4 Qe5+ 25. f4 Qg7 26. Qxf5 h6 27. Bf6 1-0


[Site "https://www.chess.com"]

[Event "Titled Tuesday Blitz July 27 2021"]
[White "Nefedov, Sergey"]
[Black "Zubov, Alexander"]
[WhiteFideId "24113417"]
[BlackFideId "14109409"]
[WhiteElo "2385"]
[BlackElo "2740"]
[Result "0-1"]
[Round "02"]
[TimeControl "180+1"]
[Date "2021.07.27"]
[WhiteClock "0:00:14"]
[BlackClock "0:00:44"]

1. d4 Nf6 2. Nf3 g6 3. c4 Bg7 4. Nc3 d5 5. e3 O-O 6. Qb3 e6 7. Bd2 Nc6 8. Rc1 Na5 9. Qa4 Nxc4 10. Bxc4 dxc4 11. Qxc4 b6 12. O-O Bb7 13. Ne5 c5 14. Rfd1 cxd4 15. exd4 Rc8 16. Qa4 a6 17. Bg5 b5 18. Qb4 h6 19. Bxf6 Bxf6 20. a4 Bxe5 21. dxe5 Qg5 22. g3 Rc4 23. Qd6 Bf3 24. Re1 Qf5 25. Re3 b4 26. Na2 Rfc8 27. Rxc4 Qb1+ 28. Nc1 Qxc1+ 29. Rxc1 Rxc1+ 0-1


[Site "https://www.chess.com"]

[Event "Titled Tuesday Blitz July 27 2021"]
[White "Nesterov, Arseniy"]
[Black "Langrock, Hannes"]
[WhiteFideId "24198455"]
[BlackFideId "4655290"]
[WhiteElo "2477"]
[BlackElo "2353"]
[Result "1-0"]
[Round "02"]
[TimeControl "180+1"]
[Date "2021.07.27"]
[WhiteClock "0:00:06"]
[BlackClock "0:00:01"]

1. d4 f5 2. c4 Nf6 3. Nf3 g6 4. e3 Bg7 5. b4 c6 6. Bb2 d5 7. Be2 O-O 8. O-O a5 9. b5 cxb5 10. cxb5 Nbd7 11. a4 Nb6 12. Nbd2 Ne4 13. Ne5 Be6 14. f3 Nxd2 15. Qxd2 Bxe5 16. dxe5 Nc4 17. Bxc4 dxc4 18. Bd4 f4 19. exf4 Qd5 20. Rfd1 Rfd8 21. Qe1 Qxd4+ 22. Rxd4 Rxd4 23. Qe3 Rad8 24. Rc1 h5 25. h3 h4 26. Kh2 Kf7 27. Qf2 Rxf4 28. Qb6 Rd2 29. Qxb7 Bd5 30. Qd7 Rxf3 31. Qxd5+ Rxd5 32. gxf3 Rd2+ 33. Kg1 Rd4 34. Kf2 Ke6 35. Ke3 Kxe5 36. Rg1 Rd3+ 37. Ke2 Kf5 38. Rg4 Rc3 39. Rxh4 g5 40. Re4 Rc2+ 41. Ke3 Rc3+ 42. Kf2 Rc2+ 43. Kg3 Rc1 44. Rxe7 c3 45. Rc7 Ra1 46. Rxc3 Rxa4 47. Rc5+ Kf6 48. Rc6+ Kf5 49. Ra6 Ra1 50. b6 1-0


[Site "https://www.chess.com"]

[Event "Titled Tuesday Blitz July 27 2021"]
[White "Oparin, Grigoriy"]
[Black "Piesik, Piotr"]
[WhiteFideId "24125890"]
[BlackFideId "1136194"]
[WhiteElo "2628"]
[BlackElo "2354"]
[Result "1-0"]
[Round "02"]
[TimeControl "180+1"]
[Date "2021.07.27"]
[WhiteClock "0:02:15"]
[BlackClock "0:01:17"]

1. b3 d5 2. Bb2 c5 3. e3 a6 4. Nf3 Nc6 5. d4 Bg4 6. Nbd2 e6 7. h3 Bh5 8. Be2 Nf6 9. O-O cxd4 10. Nxd4 Bxe2 11. Qxe2 Rc8 12. c4 Be7 13. Rfd1 Nxd4 14. Bxd4 O-O 15. e4 dxe4 16. Nxe4 Nxe4 17. Qxe4 Qc7 18. Qg4 e5 19. Be3 Rcd8 20. Qe4 f5 21. Qc2 f4 22. Bd2 f3 23. Be3 fxg2 24. Qe4 Bf6 25. Kxg2 Qc6 26. Qxc6 bxc6 27. Bc5 Rxd1 28. Rxd1 Rd8 29. Rxd8+ Bxd8 30. Kf3 Kf7 31. Ke4 Ke6 32. b4 g5 33. a4 h5 34. f3 Bc7 35. b5 cxb5 36. cxb5 axb5 37. axb5 Ba5 38. b6 Kd7 39. Kxe5 Kc6 40. Be3 Bb4 41. Kf5 1-0


[Site "https://www.chess.com"]